 Dungeon Crawl Stone Soup version 0.24.0-13-gcf9b319 (webtiles) character file.

Game seed: 11610206361011836896, levelgen mode: deterministic

120 wrhowe the Skirmisher (level 4, -1/35 HPs)
             Began as a Demonspawn Abyssal Knight on Jan 15, 2020.
             Was a Follower of Lugonu.
             Killed by nerve-wracking pain
             ... invoked by Jessica
              (14 damage)
             ... on level 3 of the Dungeon.
             The game lasted 00:26:35 (2152 turns).

wrhowe the Skirmisher (Demonspawn Abyssal Knight)   Turns: 2152, Time: 00:26:35

Health: -1/35      AC:  5    Str: 13    XL:     4   Next: 75%
Magic:  6/6        EV: 10    Int: 14    God:    Lugonu [*.....]
Gold:   89         SH:  0    Dex: 12    Spells: 4/5 levels left

rFire    . . .     SeeInvis .   d - +3 mace (venom)
rCold    . . .     Gourm    .   (no shield)
rNeg     . . .     Faith    .   j - +0 ring mail
rPois    .         Spirit   .   l - +2 hat
rElec    .         Reflect  .   (no cloak)
rCorr    .         Harm     .   (no gloves)
MR       .....                  (no boots)
Stlth    ..........             m - amulet of magic regeneration
HPRegen  0.11/turn              (no ring)
MPRegen  0.35/turn              (no ring)

@: corroded
A: hooves 1, slimy green scales 1, spiny 1
a: Depart the Abyss, Renounce Religion


You were on level 3 of the Dungeon.
You worshipped Lugonu.
Lugonu was aware of your devotion.
You were not hungry.

You visited 1 branch of the dungeon, and saw 3 of its levels.
You visited the Abyss 1 time.

You collected 89 gold pieces.

Inventory:

Hand Weapons
 a - a +1 falchion
 d - a +3 mace of venom (weapon)
Armour
 j - a +0 ring mail (worn)
 l - a +2 hat (worn)
Jewellery
 m - an amulet of magic regeneration (around neck)
Scrolls
 b - a scroll of fear
Potions
 e - a potion of ambrosia {unknown}
 f - a potion of degeneration {unknown}
 g - a potion of curing {unknown}
 i - a potion of flight {unknown}
 k - 2 potions of lignification
Comestibles
 c - 3 rations


   Skills:
 + Level 3.3 Fighting
 + Level 2.4 Long Blades
 * Level 1.6 Maces & Flails
 + Level 2.2 Armour
 + Level 1.5 Dodging
 + Level 0.3 Stealth
 * Level 1.0 Spellcasting
 + Level 0.7 Conjurations
 + Level 3.0 Invocations


You had 4 spell levels left.
You knew the following spells:

 Your Spells              Type           Power        Failure   Level  Hunger
a - Magic Dart            Conj           #...         38%         1    ##.....

Your spell library contained the following spells:

 Spells                   Type           Power        Failure   Level  Hunger
 Confusing Touch          Hex            #.....       50%         1    ##.....
 Confuse                  Hex            #.......     86%         3    ####...
 Gell's Gravitas          Tloc           #.........   86%         3    ####...
 Petrify                  Tmut/Erth      #.......     99%         4    #####..
 Metabolic Englaciation   Hex/Ice        #.........   100%        5    ######.
 Yara's Violent Unravell  Hex/Tmut       #.........   100%        5    ######.


Dungeon Overview and Level Annotations

Branches:
Dungeon (3/15)

Altars:
Fedhas
Kikubaaqudgha
Okawaru
Sif Muna
Vehumet

Annotations:
D:3 Jessica


Innate Abilities, Weirdness & Mutations

You have large cloven feet.
You are partially covered in slimy green scales. (AC +2)
You are partially covered in sharp spines.


Message History

Lugonu accepts your kill.
You closely miss Jessica.
Jessica points at you and mumbles some strange words.
You resist with some effort. Jessica is struck by your spines.
Jessica completely misses you.
You barely miss Jessica. Your kick misses Jessica.
Jessica is moderately wounded.
Jessica hits you but does no damage.
You hit Jessica but do no damage.
Jessica is poisoned.
Jessica is moderately wounded.
Jessica mumbles some strange words.
Jessica seems to speed up.
Jessica hits you but does no damage.
You barely miss Jessica.
Jessica is moderately wounded.
Jessica closely misses you. Jessica hits you.
You hit Jessica.
Jessica looks as sick as possible!
Jessica is moderately wounded.
Jessica casts a spell at you. Pain shoots through your body!
You die...

#... #..# #..# #?.#
#..##### . #......#
..# ##.###.#
.....########.###.#
.[..<.woo@@.#.#<..#
......#####.....###
..#.. ###.##.# [###
#......## o.#
#.#.....# ..
#.#####.# # . #<.#
.. #..# ## #..#


You could see a worm, Jessica and 2 orcs.

Vanquished Creatures
  A jelly (D:3)
  3 adders
  2 oozes
  An adder skeleton (D:2)
  A worm (D:2)
  4 dart slugs
  2 orcs (D:3)
  4 goblins (D:2)
  6 hobgoblins
  6 jackals (D:2)
  A ball python (D:1)
  3 bats
  A frilled lizard (D:1)
  2 kobolds
  5 rats
42 creatures vanquished.

Notes
Turn   | Place    | Note
-------+----------+-------------------------------------------
     0 | Abyss:1  | wrhowe the Demonspawn Abyssal Knight began the quest for
                  | the Orb.
     0 | Abyss:1  | Reached XP level 1. HP: 18/18 MP: 2/2
    29 | Abyss:1  | Noticed a spatial vortex
    29 | Abyss:1  | Noticed a spatial maelstrom
    72 | Abyss:1  | Noticed a wraith
    87 | Abyss:1  | Noticed a large abomination
    89 | Abyss:1  | Noticed a spatial vortex
    94 | D:1      | Escaped the Abyss
   322 | D:1      | Reached * piety under Lugonu
   322 | D:1      | Gained mutation: You are partially covered in sharp spines.
                  | [demonic ancestry]
   322 | D:1      | Reached XP level 2. HP: 24/24 MP: 3/3
   525 | D:1      | Found an iron altar of Okawaru.
   530 | D:1      | Reached skill level 1 in Dodging
  1196 | D:2      | Gained mutation: You have large cloven feet. [demonic
                  | ancestry]
  1196 | D:2      | Reached XP level 3. HP: 26/29 MP: 5/5
  1230 | D:2      | Found an ancient bone altar of Kikubaaqudgha.
  1232 | D:2      | Found a shimmering blue altar of Sif Muna.
  1234 | D:2      | Found a radiant altar of Vehumet.
  1239 | D:2      | Identified Vehumet's Grimoire of Attacks
  1251 | D:2      | Learned a level 1 spell: Magic Dart
  1302 | D:2      | Found a blossoming altar of Fedhas.
  2129 | D:3      | Reached skill level 1 in Maces & Flails
  2129 | D:3      | Gained mutation: You are partially covered in slimy green
                  | scales. (AC +2) [demonic ancestry]
  2129 | D:3      | Reached XP level 4. HP: 31/35 MP: 6/6
  2133 | D:3      | Noticed Jessica
  2141 | D:3      | Reached skill level 1 in Spellcasting
  2152 | D:3      | Killed from afar by Jessica

Levels and vault maps discovered:
D:1:      nicolae_arrival_memento_mori, layout_loops_corners, fountainhead,
          okawaru_ov_weapons_minmay
D:2:      lemuel_upstairs_altar, layout_basic,
          grunt_temple_overflow_magic_moments, fedhas_altar_2
D:3:      layout_basic, minmay_strange_pillars, minmay_between, uniq_jessica,
          uniq_grinder, uniq_terence

Skill      XL: |  1  2  3  4 |
---------------+-------------+-----
Long Blades    | 2 |  2.4
Armour         | 2 |  2.2
Dodging        | 1 |  1.5
Invocations    | 3 |  3.0
Maces & Flails | 1 |  1.6
Spellcasting   | 1 |  1.0
Fighting       | |  3.3
Stealth        | |  0.3
Conjurations   | |  0.7

Action                   |  1- 3 |  4- 6 || total
-------------------------+-------+-------++-------
Melee: Falchion          |    27 |       ||    27
       Mace              |    50 |    16 ||    66
       Kick              |     5 |     2 ||     7
 Cast: Magic Dart        |     3 |     1 ||     4
Invok: Depart the Abyss  |     1 |       ||     1
  Use: Scroll            |     4 |       ||     4
 Stab: Sleeping          |     1 |       ||     1
  Eat: Ration            |     2 |       ||     2
Armor: Leather armour    |    11 |       ||    11
       Ring mail         |    14 |     5 ||    19
Dodge: Dodged            |    43 |     3 ||    46
       Rpst.: Falchion   |     3 |       ||     3
